MLB
SAN FRANCISCO GIANTS @ ARIZONA DIAMONDBACKS
07/03/2098
 
TOP OF THE 1ST
San Francisco Giants batting - Pitching for Arizona Diamondbacks : LHP Rafael Estrada
Pitching: LHP Rafael Estrada
Batting: RHB Erik Mulloy 0-0: Swinging Strike
0-1: Ball
1-1: Ball
2-1: Ball
3-1: Fly out, F3 (Popup, 3S, EV 80.6 MPH)
Batting: RHB Dave Melton 0-0: Ball
1-0: Called Strike
1-1: SINGLE (Groundball, 56, EV 85.6 MPH)
Batting: RHB Masataka Kato 0-0: Called Strike
0-1: Ball
1-1: Ball
2-1: Ball
3-1: Foul Ball, location: 2F
3-2: DOUBLE (Flyball, 8LXD, EV 107.5 MPH)
Dave Melton to third
Dave Melton scores
Batting: LHB Daniel Cipolla 0-0: Called Strike
0-1: Ball
1-1: Called Strike
1-2: Ground out 4-3 (Groundball, 34, EV 101.9 MPH)
Masataka Kato to third
Batting: RHB David Bishop 0-0: Ball
1-0: Swinging Strike
1-1: Ball
2-1: Ball
3-1: Foul Ball, location: 9LDF
3-2: Base on Balls
Batting: RHB Danny Bute 0-0: Ball
1-0: Fly out, F6 (Popup, 6MS, EV 80.6 MPH)
Top of the 1st over - 1 run, 2 hits, 0 errors, 2 left on base; San Francisco 1 - Arizona 0
BOTTOM OF THE 1ST
Arizona Diamondbacks batting - Pitching for San Francisco Giants : RHP Steve Deemer
Pitching: RHP Steve Deemer
Batting: RHB Jesse Cavallaro 0-0: Ball
1-0: Ball
2-0: Ball
3-0: Called Strike
3-1: Foul Ball, location: 2F
3-2: SINGLE (Line Drive, 4MD, EV 95.6 MPH)
Batting: SHB Jose Medina 0-0: Ball
1-0: Ball
2-0: Called Strike
2-1: Grounds into double play, 6-4-3 (Groundball, 6, EV 81.3 MPH)
Batting: LHB Eddy Miramontes 0-0: Ball
1-0: Fly out, F1 (Popup, P, EV 76.3 MPH)
Bottom of the 1st over - 0 runs, 1 hit, 0 errors, 0 left on base; San Francisco 1 - Arizona 0
TOP OF THE 2ND
San Francisco Giants batting - Pitching for Arizona Diamondbacks : LHP Rafael Estrada
Batting: SHB Josh Packard 0-0: Fly out, F8 (Flyball, 8RM, EV 83.1 MPH)
Batting: RHB Kevin Mosemann 0-0: Ball
1-0: Ball
2-0: Foul Ball, location: 5F
2-1: DOUBLE (Flyball, 78XD, EV 107.5 MPH)
Batting: RHB Ben Presley 0-0: Called Strike
0-1: Ball
1-1: Ground out 5-3 (Groundball, 5D, EV 98.8 MPH)
Batting: RHB Erik Mulloy 0-0: Called Strike
0-1: Swinging Strike
0-2: Strikes out looking
Top of the 2nd over - 0 runs, 1 hit, 0 errors, 1 left on base; San Francisco 1 - Arizona 0
BOTTOM OF THE 2ND
Arizona Diamondbacks batting - Pitching for San Francisco Giants : RHP Steve Deemer
Batting: LHB Mike Tinder 0-0: Foul Ball, location: 7LDF
0-1: Swinging Strike
0-2: SINGLE (Groundball, 6MD, EV 111.3 MPH)
Batting: LHB Mario Valdez 0-0: Ball
1-0: Hit by Pitch
Mike Tinder to second
Pinch Runner at 1st Kevin Delmotte:
Batting: SHB Macario Castro 0-0: Ball
1-0: Swinging Strike
1-1: Ball
2-1: Ball
3-1: Base on Balls
Mike Tinder to third
Kevin Delmotte to second
Batting: LHB Travis Lawlor 0-0: Ball
1-0: Ball
2-0: Foul Ball, location: 2F
2-1: Called Strike
2-2: Ball
3-2: Foul Ball, location: 7LDF
3-2: Base on Balls
Mike Tinder scores
Kevin Delmotte to third
Macario Castro to second
Batting: RHB Shawn Lindsey 0-0: Ball
1-0: Grounds into double play, 5-4-3 (Groundball, 56, EV 103.1 MPH)
Kevin Delmotte scores
Macario Castro to third
Batting: LHB Alex Castro 0-0: Ball
1-0: Foul Ball, location: 5F
1-1: Swinging Strike
1-2: Foul Ball, location: 5F
1-2: Ball
2-2: Ground out 4-3 (Groundball, 4, EV 81.9 MPH)
Bottom of the 2nd over - 2 runs, 1 hit, 0 errors, 1 left on base; San Francisco 1 - Arizona 2
TOP OF THE 3RD
San Francisco Giants batting - Pitching for Arizona Diamondbacks : LHP Rafael Estrada
Now at 1B: Eddy Miramontes
Now in LF: Mike Tinder
Now in RF: Dave Austin
Batting: RHB Dave Melton 0-0: Called Strike
0-1: Ball
1-1: Ball
2-1: Ball
3-1: SINGLE (Line Drive, 8LS, EV 97.5 MPH)
Batting: RHB Masataka Kato 0-0: Ball
Wild Pitch!
Dave Melton to second
1-0: Ball
2-0: Called Strike
2-1: Foul Ball, location: 9LSF
2-2: Foul Ball, location: 2F
2-2: Fly out, F8 (Flyball, 8RM, EV 91.3 MPH)
Batting: LHB Daniel Cipolla 0-0: Ball
1-0: Foul Ball, location: 2F
1-1: Foul Ball, location: 7LDF
1-2: Ball
2-2: Ball
3-2: Ground out U3 (Groundball, 3, EV 103.1 MPH)
Dave Melton to third
Batting: RHB David Bishop 0-0: Called Strike
0-1: Foul Ball, location: 2F
0-2: Ball
1-2: SINGLE (Groundball, 34D, EV 99.4 MPH)
Dave Melton scores
Batting: RHB Danny Bute 0-0: Ball
1-0: Foul Ball, location: 2F
1-1: Foul Ball, location: 5F
1-2: Ball
Wild Pitch!
David Bishop to second
2-2: Ball
3-2: Base on Balls
Batting: SHB Josh Packard 0-0: Ball
1-0: Swinging Strike
1-1: SINGLE (Groundball, 4D, EV 99.4 MPH)
David Bishop to third
Danny Bute to second
Runner from 3rd tries for Home, SAFE, throw by CF to home
Batting: RHB Kevin Mosemann 0-0: Swinging Strike
0-1: Swinging Strike
0-2: Ball
1-2: Ball
2-2: Fly out, F9 (Flyball, 9, EV 87.5 MPH)
Top of the 3rd over - 2 runs, 3 hits, 0 errors, 2 left on base; San Francisco 3 - Arizona 2
BOTTOM OF THE 3RD
Arizona Diamondbacks batting - Pitching for San Francisco Giants : RHP Steve Deemer
Batting: RHB Jesse Cavallaro 0-0: SINGLE (Groundball, 56D, EV 100.6 MPH)
Batting: SHB Jose Medina 0-0: Bunted foul
0-1: Foul Ball, location: 7LMF
0-2: Strikes out swinging
Batting: LHB Eddy Miramontes 0-0: Foul Ball, location: 25FF
0-1: Ball
1-1: Swinging Strike
1-2: Ball
2-2: Foul Ball, location: 9LMF
2-2: Foul Ball, location: 3FF
2-2: Grounds out, U3 (Groundball, 3L, EV 90.6 MPH)
Batting: LHB Mike Tinder 0-0: Ground out 4-3 (Groundball, 4S, EV 73.1 MPH)
Bottom of the 3rd over - 0 runs, 1 hit, 0 errors, 1 left on base; San Francisco 3 - Arizona 2
TOP OF THE 4TH
San Francisco Giants batting - Pitching for Arizona Diamondbacks : LHP Rafael Estrada
Batting: RHB Ben Presley 0-0: Ball
1-0: Called Strike
1-1: Ball
2-1: Foul Ball, location: 2F
2-2: Ball
3-2: Single, Error in OF, E8, batter to second base (Line Drive, 6MD, EV 104.4 MPH)
Batting: RHB Erik Mulloy 0-0: Fly out, F8 (Line Drive, 8RM, EV 84.4 MPH)
Batting: RHB Dave Melton 0-0: Swinging Strike
0-1: Called Strike
0-2: Foul Ball, location: 3FF
0-2: Ball
1-2: Ball
2-2: SINGLE (Groundball, 4M, EV 102.5 MPH) (infield hit)
Ben Presley to third
Batting: RHB Masataka Kato 0-0: Called Strike
0-1: Called Strike
0-2: Ball
1-2: Foul Ball, location: 9LMF
1-2: Ball
2-2: Foul Ball, location: 3FF
2-2: SINGLE (Line Drive, 34D, EV 98.1 MPH)
Ben Presley scores
Dave Melton to second
Runner from 2nd tries for 3rd, SAFE, no throw by RF
Batting: LHB Daniel Cipolla 0-0: Foul Ball, location: 5F
0-1: Foul Ball, location: 3FF
0-2: Strikes out swinging
Batting: RHB David Bishop 0-0: Fly out, F8 (Flyball, 8LD, EV 108.1 MPH)
Top of the 4th over - 1 run, 3 hits, 1 error, 2 left on base; San Francisco 4 - Arizona 2
BOTTOM OF THE 4TH
Arizona Diamondbacks batting - Pitching for San Francisco Giants : RHP Steve Deemer
Batting: LHB Dave Austin 0-0: Ball
1-0: Fly out, F8 (Line Drive, 8LS, EV 96.9 MPH)
Batting: SHB Macario Castro 0-0: Ball
1-0: Called Strike
1-1: Ball
2-1: Foul Ball, location: 3F
2-2: Foul Ball, location: 2F
2-2: Ball
3-2: Base on Balls
Pitching: RHP Ivan Vidales
Batting: LHB Travis Lawlor 0-0: Called Strike
0-1: Called Strike
0-2: Strikes out swinging
Batting: RHB Shawn Lindsey 0-0: Swinging Strike
0-1: Ball
1-1: Ball
2-1: Swinging Strike
2-2: Strikes out looking
Bottom of the 4th over - 0 runs, 0 hits, 0 errors, 1 left on base; San Francisco 4 - Arizona 2
TOP OF THE 5TH
San Francisco Giants batting - Pitching for Arizona Diamondbacks : LHP Rafael Estrada
Batting: RHB Danny Bute 0-0: Called Strike
0-1: Called Strike
0-2: Strikes out swinging
Batting: SHB Josh Packard 0-0: Ball
1-0: Foul Ball, location: 23F
1-1: Ground out 6-3 (Groundball, 6, EV 100.6 MPH)
Batting: RHB Kevin Mosemann 0-0: Called Strike
0-1: Foul Ball, location: 5FF
0-2: Foul Ball, location: 5DF
0-2: Fly out, F9 (Line Drive, 9S, EV 89.4 MPH)
Top of the 5th over - 0 runs, 0 hits, 0 errors, 0 left on base; San Francisco 4 - Arizona 2
BOTTOM OF THE 5TH
Arizona Diamondbacks batting - Pitching for San Francisco Giants : RHP Ivan Vidales
Batting: LHB Alex Castro 0-0: Swinging Strike
0-1: Ball
1-1: Called Strike
1-2: Strikes out swinging
Batting: RHB Jesse Cavallaro 0-0: SINGLE (Groundball, 56S, EV 68.8 MPH) (infield hit)
Batting: SHB Jose Medina 0-0: Called Strike
0-1: DOUBLE (Line Drive, 9LM, EV 106.3 MPH)
Jesse Cavallaro to third
Batting: LHB Eddy Miramontes 0-0: Called Strike
0-1: Foul Ball, location: 2F
0-2: Strikes out swinging, 2-3 out at first.
Batting: LHB Mike Tinder 0-0: Fly out, F9 (Flyball, 9S, EV 91.9 MPH)
Bottom of the 5th over - 0 runs, 2 hits, 0 errors, 2 left on base; San Francisco 4 - Arizona 2
TOP OF THE 6TH
San Francisco Giants batting - Pitching for Arizona Diamondbacks : LHP Rafael Estrada
Pitching: LHP Nehemiah Tatum
Batting: RHB Ben Presley 0-0: Ball
1-0: Ball
2-0: Ball
3-0: Fly out, F8 (Flyball, 8RD, EV 93.1 MPH)
Batting: RHB Erik Mulloy 0-0: Ground out U3 (Groundball, 3, EV 85.6 MPH)
Batting: RHB Dave Melton 0-0: DOUBLE (Line Drive, 9LS, EV 96.3 MPH)
Batting: RHB Masataka Kato 0-0: Ball
1-0: Ball
2-0: Ball
3-0: Base on Balls
Batting: LHB Daniel Cipolla 0-0: Called Strike
0-1: Swinging Strike
0-2: Strikes out swinging
Top of the 6th over - 0 runs, 1 hit, 0 errors, 2 left on base; San Francisco 4 - Arizona 2
BOTTOM OF THE 6TH
Arizona Diamondbacks batting - Pitching for San Francisco Giants : RHP Ivan Vidales
Batting: LHB Dave Austin 0-0: Called Strike
0-1: Called Strike
0-2: Ball
1-2: Foul Ball, location: 3DF
1-2: Foul Ball, location: 2F
1-2: Strikes out swinging
Batting: SHB Macario Castro 0-0: Called Strike
0-1: Ball
1-1: Called Strike
1-2: Ball
2-2: Foul Ball, location: 2RF
2-2: Strikes out swinging
Batting: LHB Travis Lawlor 0-0: Ground out 6-3 (Groundball, 6M, EV 85.6 MPH)
Bottom of the 6th over - 0 runs, 0 hits, 0 errors, 0 left on base; San Francisco 4 - Arizona 2
TOP OF THE 7TH
San Francisco Giants batting - Pitching for Arizona Diamondbacks : LHP Nehemiah Tatum
Batting: RHB David Bishop 0-0: Foul Ball, location: 2F
0-1: Ground out 6-3 (Groundball, 6, EV 98.8 MPH)
Batting: RHB Danny Bute 0-0: Called Strike
0-1: Ball
1-1: Ball
2-1: Foul Ball, location: 9LMF
2-2: Ball
3-2: Foul Ball, location: 2F
3-2: Base on Balls
Batting: SHB Josh Packard 0-0: Foul Ball, location: 25FF
0-1: Ball
1-1: Foul Ball, location: 9LDF
1-2: Ball
2-2: Foul Ball, location: 3SF
2-2: Foul Ball, location: 9LMF
2-2: Foul Ball, location: 7LSF
2-2: Ball
3-2: Base on Balls
Danny Bute to second
Pitching: RHP Derek Savard
Pinch Hitting: LHB Lindsay Foreman 0-0: Ball
1-0: Fly out, F8 (Flyball, 8RM, EV 90.6 MPH)
Batting: RHB Ben Presley 0-0: Foul Ball, location: 25F
0-1: Swinging Strike
0-2: Strikes out looking
Top of the 7th over - 0 runs, 0 hits, 0 errors, 2 left on base; San Francisco 4 - Arizona 2
BOTTOM OF THE 7TH
Arizona Diamondbacks batting - Pitching for San Francisco Giants : RHP Ivan Vidales
Pitching: RHP Drew Goodwin
Now at SS: Bryce Bissinger
Now in LF: Dave Melton
Now in CF: Carlos Lopez
Batting: RHB Shawn Lindsey 0-0: Ball
1-0: Ball
2-0: Swinging Strike
2-1: Foul Ball, location: 7LDF
2-2: Fly out, F8 (Line Drive, 8RD, EV 96.9 MPH)
Batting: LHB Alex Castro 0-0: Ball
1-0: Ball
2-0: Called Strike
2-1: Swinging Strike
2-2: Ball
3-2: Foul Ball, location: 5FF
3-2: Foul Ball, location: 5FF
3-2: Base on Balls
Batting: RHB Jesse Cavallaro 0-0: Called Strike
0-1: Ball
1-1: Foul Ball, location: 2F
1-2: Foul Ball, location: 2F
1-2: Ball
2-2: Fly out, F7 (Flyball, 7, EV 97.5 MPH)
Pitching: LHP Nate Torgerson
Batting: SHB Jose Medina 0-0: Ball
1-0: Fly out, F3 (Popup, 3F, EV 56.3 MPH)
Bottom of the 7th over - 0 runs, 0 hits, 0 errors, 1 left on base; San Francisco 4 - Arizona 2
TOP OF THE 8TH
San Francisco Giants batting - Pitching for Arizona Diamondbacks : RHP Derek Savard
Batting: LHB Carlos Lopez 0-0: Ball
1-0: Swinging Strike
1-1: Fly out, F6 (Line Drive, 6D, EV 69.4 MPH)
Batting: RHB Dave Melton 0-0: Foul Ball, location: 9LMF
0-1: Hit by Pitch
Batting: RHB Masataka Kato 0-0: Called Strike
0-1: Called Strike
0-2: Ball
1-2: Foul Ball, location: 9LDF
1-2: Ground out 4-3 (Groundball, 4, EV 69.4 MPH)
Dave Melton to second
Batting: LHB Daniel Cipolla 0-0: Intentional Walk
Pitching: RHP James Gallegos
Batting: RHB David Bishop 0-0: Ball
1-0: Ball
2-0: Foul Ball, location: 3F
2-1: Ball
3-1: Base on Balls
Dave Melton to third
Daniel Cipolla to second
Batting: LHB Ernesto Pelayo 0-0: Called Strike
0-1: Ball
1-1: Called Strike
1-2: Ground out U3 (Groundball, 34S, EV 85.6 MPH)
Top of the 8th over - 0 runs, 0 hits, 0 errors, 3 left on base; San Francisco 4 - Arizona 2
BOTTOM OF THE 8TH
Arizona Diamondbacks batting - Pitching for San Francisco Giants : LHP Nate Torgerson
Now at 1B: Greg Schaefer
Batting: LHB Eddy Miramontes 0-0: Called Strike
0-1: Ball
1-1: Foul Ball, location: 7LSF
1-2: Ball
2-2: Ball
3-2: Fly out, F9 (Flyball, 9, EV 90.0 MPH)
Batting: LHB Mike Tinder 0-0: Ball
1-0: Ball
2-0: Ball
3-0: Called Strike
3-1: Fly out, F7 (Flyball, 7S, EV 86.3 MPH)
Batting: LHB Dave Austin 0-0: Foul Ball, location: 25F
0-1: Ball
1-1: Foul Ball, location: 7LDF
1-2: Ground out 1-3 (Groundball, 34S, EV 66.9 MPH)
Bottom of the 8th over - 0 runs, 0 hits, 0 errors, 0 left on base; San Francisco 4 - Arizona 2
TOP OF THE 9TH
San Francisco Giants batting - Pitching for Arizona Diamondbacks : RHP James Gallegos
Batting: SHB Josh Packard 0-0: Ball
1-0: Foul Ball, location: 5F
1-1: Ball
2-1: Ball
3-1: Foul Ball, location: 2F
3-2: Fly out, F8 (Flyball, 8LM, EV 95.0 MPH)
Batting: LHB Bryce Bissinger 0-0: Foul Ball, location: 7LMF
0-1: Called Strike
0-2: Ball
1-2: Ground out U3 (Groundball, 3, EV 83.1 MPH)
Batting: RHB Ben Presley 0-0: Ball
1-0: Ball
2-0: Called Strike
2-1: Ball
3-1: Ground out 6-3 (Groundball, 6, EV 92.5 MPH)
Top of the 9th over - 0 runs, 0 hits, 0 errors, 0 left on base; San Francisco 4 - Arizona 2
BOTTOM OF THE 9TH
Arizona Diamondbacks batting - Pitching for San Francisco Giants : LHP Nate Torgerson
Pitching: LHP Alexis Mendoza
Batting: SHB Macario Castro 0-0: Swinging Strike
0-1: Foul Ball, location: 9LMF
0-2: Strikes out swinging
Batting: LHB Travis Lawlor 0-0: Ball
1-0: Called Strike
1-1: Fly out, F8 (Flyball, 8RM, EV 90.6 MPH)
Batting: RHB Shawn Lindsey 0-0: Ball
1-0: Ball
2-0: Called Strike
2-1: Ball
3-1: Called Strike
3-2: Foul Ball, location: 2F
3-2: Base on Balls
Batting: LHB Alex Castro 0-0: Called Strike
0-1: Ball
1-1: Foul Ball, location: 2F
1-2: SINGLE (Groundball, 6MD, EV 103.8 MPH)
Shawn Lindsey to second
Batting: RHB Jesse Cavallaro 0-0: Ball
1-0: Foul Ball, location: 2F
1-1: Called Strike
1-2: Ball
2-2: Foul Ball, location: 2RF
2-2: Foul Ball, location: 25F
2-2: Strikes out swinging
Bottom of the 9th over - 0 runs, 1 hit, 0 errors, 2 left on base; San Francisco 4 - Arizona 2
Monday, April 8th , 2024 - OOTP Baseball 24.11 Build 85